 Dungeon Crawl Stone Soup version 0.31.0-11-ge490571c62 (webtiles) character file.

Game seed: 3828799025964020744

84 mopl the Insei (level 4, 0/29 HPs)
             Began as an Octopode Shapeshifter on Jan 30, 2024.
             Slain by a gnoll
             ... wielding a +0 spear
              (3 damage)
             ... on level 3 of the Dungeon.
             The game lasted 00:01:46 (1475 turns).

mopl the Insei (Octopode Shapeshifter)              Turns: 1475, Time: 00:01:46

Health: 0/29       AC:  1    Str: 11    XL:     4   Next: 46%
Magic:  4/4        EV: 13    Int: 12    God:
Gold:   80         SH:  0    Dex: 13    Spells: 3/3 levels left

rFire   . .          .
                       - Unarmed
rCold   . . .        (no shield)
rNeg    . . .        (helmet currently unavailable)
rPois   .            (no amulet)
rElec   .            (no ring)
rCorr   .            (no ring)
SInv    .            (no ring)
Will    .....        (no ring)
Stlth   ++           (no ring)
HPRegen 0.24/turn    (no ring)
MPRegen 0.09/turn    (no ring)
                     (no ring)

%: no passive effects
@: beast-form
A: beast (slay +2), almost no armour, amphibious, 8 rings, camouflage 1,
gelatinous body 1, (nimble swimmer 1), tentacles, antennae 1, weak 1
a: Begin Untransformation


You were on level 3 of the Dungeon.
You were a hulking beast.
You visited 1 branch of the dungeon, and saw 3 of its levels.

You collected 80 gold pieces.

Inventory:

Missiles
 d - 2 javelins (quivered)
 k - 5 poisoned darts
 p - a throwing net
Talismans
 b - a beast talisman
 c - a flux talisman
 q - a storm talisman
Scrolls
 e - a scroll of poison {unknown}
 f - a scroll of identify {unknown}
 g - a scroll of fear {unknown}
 h - a scroll of amnesia {unknown}
 i - 2 scrolls of enchant armour {unknown}
 j - a scroll of revelation {unknown}
 l - a scroll of blinking {unknown}
 m - 2 scrolls of teleportation {unknown}
 n - a scroll of vulnerability {unknown}
Potions
 a - 3 potions of lignification
 o - a potion of curing {unknown}


   Skills:
 + Level 1.8 Fighting
 + Level 2.5 Dodging
 * Level 3.8 Unarmed Combat
 * Level 3.7 Shapeshifting


You had 3 spell levels left.
You didn't know any spells.
Your spell library was empty.

Dungeon Overview and Level Annotations

Branches:
Dungeon (3/15)

Altars:
Xom

Shops:
D:2 :


Innate Abilities, Weirdness & Mutations

You are a hulking beast.
Your limbs bulge with bestial killing power. (Slay +2)
You cannot wear most types of armour.
You are amphibious.
You can wear up to eight rings at the same time.
Your skin changes colour to match your surroundings (Stealth+).
Your rubbery body absorbs attacks. (AC +1, EV +1)
((You are camouflaged when in or above water. (Stealth+)))
You have tentacles for arms and can constrict up to eight enemies at once.
You have a pair of small antennae on your head.
You are weak. (Str -2)


Message History

The ball python grabs you. The ball python constricts you.
The ball python bites you. The ball python constricts you.
You tentacle-slap the ball python.
You kill the ball python!
No target in view!
No target in view!
No target in view!
No target in view!
No target in view!
a - 3 potions of lignification (gained 2) Xom makes a sudden noise!
You hear a hideous screaming!
You hear an angry hiss.
You hear a loud squeak.
You hear a shout! x2
You hear a loud squeak.
You hear a bark!
You hear an angry hiss.
You see here a +0 club.
Things that are here:
a +0 flail; a gnoll skeleton A gnoll comes into view.
It is wielding a +0 spear and quivering 2 throwing nets.
A gnoll comes into view. It is wielding a +0 spear.
Things that are here:
a +0 flail; a gnoll skeleton The gnoll throws a throwing net.
The throwing net hits you.
You become entangled in the net!
You struggle against the net.
You struggle against the net.
You struggle against the net.
You struggle against the net.
You rip the net and break free!
The gnoll throws a throwing net.
The throwing net hits you.
You become entangled in the net!
You are held in a net!
You struggle against the net.
You struggle against the net.
The gnoll hits you from afar with a +0 spear!
You struggle against the net.
The gnoll hits you from afar with a +0 spear!
You struggle against the net.
The gnoll hits you from afar with a +0 spear!
* * * LOW HITPOINT WARNING * * *
You shred the net and break free!
The gnoll hits you from afar with a +0 spear.
You die...

g...... ...... #.... #...#
#...# #...# ##..g###
#..)...# #######.....# #.#
#....#.........## #.#
##.#)####.####.####.#######
#.#......##..............#
#.#########.######.##.##.#


You could see a gnoll.

Vanquished Creatures
  An adder (D:2)
  3 gnolls (D:3)
  2 dart slugs
  4 bats
  3 endoplasms (D:1)
  3 hobgoblins
  4 jackals (D:2)
  6 kobolds
  3 quokkas
  6 ball pythons
  3 frilled lizards
  6 rats
44 creatures vanquished.

Notes
Turn   | Place    | Note
-------+----------+-------------------------------------------
     0 | D:1      | mopl the Octopode Shapeshifter began the quest for the Orb.
     0 | D:1      | Reached XP level 1. HP: 13/13 MP: 1/1
   305 | D:1      | Reached XP level 2. HP: 18/18 MP: 2/2
   441 | D:1      | Found a faded altar of an unknown god.
   793 | D:1      | Prayed at the altar of an unknown god.
   793 | D:1      | Became a worshipper of Xom of Chaos
   794 | D:1      | Fell from the grace of Xom
   838 | D:2      | Reached XP level 3. HP: 17/23 MP: 3/3
   858 | D:2      | XOM: give mutations
   858 | D:2      | Gained mutation: One of your tentacles bears a spike.
                  | [Xom's mischief]
   858 | D:2      | Gained mutation: You are weak. (Str -2) [Xom's mischief]
   858 | D:2      | Gained mutation: You have a pair of small antennae on your
                  | head. [Xom's mischief]
   858 | D:2      | Lost mutation: One of your tentacles bears a spike. [Xom's
                  | mischief]
  1080 | D:2      | XOM: summons 3 hostile shadow creatures
  1209 | D:2      | Found Seufrergh's Book Boutique.
  1222 | D:3      | Reached XP level 4. HP: 12/29 MP: 4/4
  1455 | D:3      | XOM: noise
  1475 | D:3      | Slain by a gnoll

Illustrated notes

Levels and vault maps discovered:
D:1:      reono_arrival_forest_river, layout_basic,
          hellmonk_ecumenical_altar_inner_sanctum, minivault_23,
          wad_floor_pattern_2
D:2:      layout_rooms, serial_shops, shop
D:3:      layout_loops_cross, mainiacjoe_overflow_six_doors_small

Action                     |  1- 3 |  4- 6 || total
---------------------------+-------+-------++-------
  Melee: Unarmed           |    73 |    13 ||    86
         Constrict         |    21 |     4 ||    25
         Tentacles         |    10 |     2 ||    12
         Punch             |     1 |     2 ||     3
 Invoke: Renounce Religion |     1 |       ||     1
   Stab: Sleeping          |     7 |     2 ||     9
 Armour: Skin              |    35 |    10 ||    45
  Dodge: Dodged            |    31 |     5 ||    36
